 Dungeon Crawl Stone Soup version 0.31-a0-654-gbe3e110b4e (webtiles) character file.

Game seed: 10687542276005723648

1065 Pumperknicle the Ruffian (level 8, 0/69 (72) HPs)
             Began as a Troll Shapeshifter on Aug 29, 2023.
             Was a Follower of Makhleb.
             Slain by a sky beast (2 damage)
             ... on level 8 of the Dungeon on Aug 30, 2023.
             The game lasted 00:37:43 (2584 turns).

Pumperknicle the Ruffian (Troll Shapeshifter)       Turns: 2584, Time: 00:37:46

HP:   0/69 (72)     AC: 15    Str: 25    XL:     8   Next: 6%
MP:   7/7           EV:  2    Int:  6    God:    Makhleb [*.....]
Gold: 215           SH:  0    Dex: 15    Spells: 7/7 levels left

rFire   + .          .
                       - Unarmed
rCold   + . .        (no shield)
rNeg    . . .        g - +0 gold dragon scales
rPois   +            (helmet currently unavailable)
rElec   +            (cloak currently unavailable)
rCorr   .            (gloves unavailable)
SInv    .            (boots unavailable)
Will    +....        n - amulet of the acrobat Stlth
                     f - ring of willpower
HPRegen 1.11/turn    h - ring of Tomorrow {rElec Dex+6}
MPRegen 0.10/turn

%: acrobat
@: beast-form, lightly drained
A: beast (slay +2), large, unfitting armour, claws 3, regeneration 1, shaggy fur
1, tough skin 1
a: Begin Untransformation, Renounce Religion


You were on level 8 of the Dungeon.
You worshipped Makhleb.
Makhleb was aware of your devotion.
You were a hulking beast.
You visited 1 branch of the dungeon, and saw 8 of its levels.

You collected 215 gold pieces.

Inventory:

Hand Weapons
 e - a +0 club
 i - a +0 mace
Armour
 a - a +0 animal skin
 g - +0 gold dragon scales (worn)
Jewellery
 f - a ring of willpower (left claw)
 h - the ring of Tomorrow (right claw) {rElec Dex+6}
   (You acquired it on level 2 of the Dungeon)

   [ring of dexterity]

   Dex+6:     It affects your dexterity (+6).
   rElec:     It insulates you from electricity.
 l - an amulet of magic regeneration
 n - an amulet of the acrobat (around neck)
Talismans
 c - a beast talisman (active)
 d - a flux talisman
Wands
 k - a wand of flame (21)
Scrolls
 j - a scroll of teleportation
 m - a scroll of amnesia


   Skills:
 + Level 1.8 Fighting
 - Level 0.7 Maces & Flails
 + Level 2.7 Armour
 + Level 2.0 Dodging
 + Level 0.1 Stealth
 + Level 7.4 Unarmed Combat
 * Level 5.0 Shapeshifting


You had 7 spell levels left.
You didn't know any spells.
Your spell library contained the following spells:

 Spells                   Type           Power      Damage    Failure   Level
 Blink                    Tloc           0%         N/A       100%        2
 Sublimation of Blood     Necr           0%         N/A       100%        2
 Wereblood                Tmut           0%         N/A       100%        2
 Cause Fear               Hex            0%         N/A       100%        4
 Manifold Assault         Tloc           0%         N/A       100%        4
 Fireball                 Conj/Fire      0%         3d3       100%        5
 Summon Hydra             Summ           0%         N/A       100%        7
 Dragon's Call            Summ           0%         N/A       100%        9


Dungeon Overview and Level Annotations

Branches:
Dungeon (8/15)
 Temple: D:4-7         Lair: D:8-11

Altars:
Dithmenos
Elyvilon
Kikubaaqudgha
Makhleb
Ru
Trog
Vehumet
Wu Jian
The Shining One

Shops:
D:1 [   D:3 ??   D:4 (*


Innate Abilities, Weirdness & Mutations

You are a hulking beast.
Your limbs bulge with bestial killing power. (Slay +2)
You are too large for most types of armour.
You have claws for hands.
Your natural rate of healing is unusually fast.
You are covered in fur. (AC +1)
You have tough skin. (AC +1)


Message History

Found a stone staircase leading down.
The bullfrog gives a loud, deep croak!
Something closely misses you. The bullfrog completely misses you.
The bullfrog closely misses you.
You closely miss something. The bullfrog hits you.
* * * LOW HITPOINT WARNING * * *
You barely miss something. The bullfrog hits you.
* * * LOW HITPOINT WARNING * * *
Something hits you.
* * * LOW HITPOINT WARNING * * *
Something shocks you. You resist.
* * * LOW HITPOINT WARNING * * *
The bullfrog hits you but does no damage.
You feel better. Something hits you but does no damage.
The wight hits you but does no damage.
The bullfrog hits you but does no damage.
You feel better.
The bullfrog hits you but does no damage.
Something hits you. Something shocks you. You resist.
The wight hits you from afar with a +4 halberd.
You feel drained. The bullfrog hits you.
* * * LOW HITPOINT WARNING * * *
You barely miss something. Something hits you but does no damage.
The wight hits you from afar with a +4 halberd!
* * * LOW HITPOINT WARNING * * *
The bullfrog hits you but does no damage.
You scratch something but do no damage. The bullfrog barely misses you.
Something hits you but does no damage. The wight hits you but does no damage.
The bullfrog attacks as it pursues you! The bullfrog barely misses you.
Something hits you but does no damage.
The wight hits you from afar with a +4 halberd.
* * * LOW HITPOINT WARNING * * *
The bullfrog barely misses you.
You scratch the bullfrog.
The bullfrog is lightly wounded.
The bullfrog hits you but does no damage.
Something hits you.
* * * LOW HITPOINT WARNING * * *
Something shocks you. You resist.
You die...

.......##...##.####
≈..................
..................
#.####..>..
###.?..#.#.####
#..)##.#.....<.
..##..))#z#.!.#####
......._..z{F......#
.#.#.#....##h##..#.#
# #.##...##.# # #
...####.. ###.# #.##
... ..# #... .## #..
. ..


You could see a bullfrog and 2 wights.

Vanquished Creatures
  2 water moccasins
  A sky beast (D:7)
  3 scorpions
  3 wights (D:8)
  5 orc priests
  2 hounds
  4 orc wizards
  3 adders
  An ufetubus (D:7)
  A worm (D:4)
  A dart slug (D:2)
  21 orcs
  2 bats (D:2)
  4 endoplasms
  3 giant cockroaches
  5 goblins
  7 hobgoblins
  6 quokkas
  6 ball pythons
  2 frilled lizards (D:1)
  4 kobolds
  4 rats
90 creatures vanquished.

Notes
Turn   | Place    | Note
-------+----------+-------------------------------------------
     0 | D:1      | Pumperknicle the Troll Shapeshifter began the quest for the
                  | Orb.
     0 | D:1      | Reached XP level 1. HP: 18/18 MP: 0/0
   212 | D:1      | Found Coinuc's Armour Emporium.
   354 | D:1      | Reached XP level 2. HP: 26/26 MP: 1/1
   513 | D:2      | Reached XP level 3. HP: 32/32 MP: 2/2
   557 | D:2      | Reached skill level 1 in Fighting
   727 | D:2      | Identified a scroll of acquirement
   727 | D:2      | Acquired the ring of Tomorrow {rElec Dex+6}
   911 | D:3      | Found Iteminuema's Magic Scroll Boutique.
   992 | D:3      | Found Ytofuorcheu's Magic Scroll Shoppe.
  1007 | D:4      | Reached XP level 4. HP: 38/41 MP: 3/3
  1025 | D:4      | Found Weonwygg's Antique Weapon Shoppe.
  1064 | D:4      | Found an ancient bone altar of Kikubaaqudgha.
  1073 | D:4      | Reached skill level 4 in Unarmed Combat
  1085 | D:4      | Found a sacrificial altar of Ru.
  1219 | D:4      | Found a white marble altar of Elyvilon.
  1265 | D:4      | Reached XP level 5. HP: 48/48 MP: 4/4
  1296 | D:4      | Found a burning altar of Makhleb.
  1313 | D:4      | Became a worshipper of Makhleb the Destroyer
  1342 | D:4      | Found Bapsow's Elemental Accessories.
  1358 | D:4      | Found a bloodstained altar of Trog.
  1687 | D:5      | Entered Level 5 of the Dungeon
  1702 | D:5      | Reached skill level 1 in Armour
  1702 | D:5      | Reached skill level 5 in Unarmed Combat
  1723 | D:5      | HP: 2/72 [orc/+0 mace (3)]
  1724 | D:5      | Reached XP level 6. HP: 2/55 MP: 5/5
  1862 | D:5      | Found a radiant altar of Vehumet.
  2037 | D:5      | Noticed a water moccasin
  2046 | D:5      | Killed a water moccasin
  2271 | D:6      | Reached XP level 7. HP: 62/62 MP: 6/6
  2300 | D:7      | Reached skill level 6 in Unarmed Combat
  2306 | D:7      | Reached * piety under Makhleb
  2376 | D:7      | Found a glowing golden altar of the Shining One.
  2437 | D:7      | Reached skill level 7 in Unarmed Combat
  2539 | D:7      | Found a shadowy altar of Dithmenos.
  2560 | D:8      | Found an ornate altar of the Wu Jian Council.
  2570 | D:8      | Reached skill level 5 in Shapeshifting
  2570 | D:8      | Reached XP level 8. HP: 29/70 MP: 7/7
  2583 | D:8      | HP: 3/69 [wight/+4 halberd (5)]
  2584 | D:8      | Slain by a sky beast

Illustrated notes

Levels and vault maps discovered:
D:1:      dpeg_arrival_three_bigger_balls, layout_basic, serial_shops,
          nicolae_shop_temple_entry_statues_fountains, minmay_misc_feat_iff
D:2:      layout_rooms, hangedman_decor_slide_cut, st_stairs_10
D:3:      layout_basic, gammafunk_ghost_necromancy, serial_shops,
          nicolae_shop_tiny_waterfront, nicolae_shop_stone, shop
D:4:      layout_cave_pools, mainiacjoe_overflow_concentric_impassable,
          kennysheep_mini_moat, makhleb_heckhound_becter, lemuel_crystal_altar,
          kiku_gazebo_garden_becter, serial_shops, nicolae_shop_gibbet_a_chance,
          nicolae_elemental_shop, chequers_serial_rivers_room_b,
          kennysheep_potato
D:5:      layout_gridville, mainiacjoe_overflow_catwalk, chequers_big_river,
          corexii_item_surrounded_by_moat
D:6:      layout_loops_cross, mainiacjoe_overflow_boulevard,
          minmay_temple_entry_waves, serial_shops, nicolae_shop_hallway_plus,
          minmay_a_box_with_orc_wizards_in_it, uniq_menkaure
D:7:      layout_loops_ring, lemuel_coloured_pillars_altar, grunt_gozag_statues,
          mainiacjoe_overflow_surrounded_room, tso_metal_star
D:8:      layout_rooms, nicolae_overflow_crystal_walls, serial_glass,
          glass_columns_b, glass_columns_c, due_unseen_surprise,
          small_chamber_with_monster, minmay_misc_feat_encased,
          chequers_serial_rivers_small_b, kennysheep_nondescript

Skill      XL: |  1  2  3  4  5  6  7 |
---------------+----------------------+-----
Fighting       | 1 |  1.8
Unarmed Combat | 4 5 7 |  7.4
Dodging        | 2 |  2.0
Armour         | 1 2 |  2.7
Shapeshifting  | 4 5 |  5.0
Maces & Flails | |  0.7
Stealth        | |  0.1

Action                     |  1- 3 |  4- 6 |  7- 9 || total
---------------------------+-------+-------+-------++-------
  Melee: Club              |    22 |       |       ||    22
         Unarmed           |    72 |   111 |    62 ||   245
         Punch             |     2 |     3 |     1 ||     6
    Use: Scroll            |     4 |     1 |       ||     5
         Potion            |     4 |     4 |     2 ||    10
 Armour: Animal skin       |    13 |       |       ||    13
         Gold dragon scale |    53 |   116 |    68 ||   237
         Skin              |       |    14 |       ||    14
  Dodge: Dodged            |    22 |    14 |    32 ||    68
         Form:             |     1 |       |       ||     1
         Beast             |     1 |       |       ||     1

Table legend: (Time is in decaauts)
 A = Elapsed time spent in this place.
 B = Non-inter-level travel time spent in this place.
 C = Inter-level travel time spent in this place.
 D = Time resting spent in this place.
 E = Time spent auto-exploring this place.
 F = Levels seen in this place.
 G = Mean time per level.
                   A        B        C        D        E       F      G
               +--------+--------+--------+--------+--------+-----+--------+
         Total |   2555 |   1604 |    951 |      0 |      0 |   8 |  319.4 |
       Dungeon |   2555 |   1604 |    951 |      0 |      0 |   8 |  319.4 |
               +--------+--------+--------+--------+--------+-----+--------+

Top non-repeatable levels by time:
     D:4: 682 daAuts
     D:5: 531 daAuts
     D:1: 495 daAuts
     D:7: 272 daAuts
     D:2: 268 daAuts
     D:3: 223 daAuts
     D:6: 58 daAuts
     D:8: 22 daAuts
